 Dungeon Crawl Stone Soup version 0.28-a0-1518-gbe868bca14 (webtiles) character file.

Game seed: 13919458338692449274

52 Edwards80 the Chopper (level 3, -10/31 HPs)
             Began as a Hill Orc Fighter on Jan 16, 2022.
             Mangled by a gnoll (12 damage)
             ... on level 2 of the Dungeon.
             The game lasted 00:02:27 (1294 turns).

Edwards80 the Chopper (Hill Orc Fighter)            Turns: 1294, Time: 00:02:28

Health: -10/31     AC:  6    Str: 20    XL:     3   Next: 85%
Magic:  3/3        EV:  9    Int:  8    God:
Gold:   44         SH:  4    Dex: 10    Spells: 2/2 levels left

rFire   . . .      SeeInvis .   a - +0 war axe
rCold   . . .      Faith    .   c - +0 buckler
rNeg    . . .      Spirit   .   b - +0 scale mail
rPois   .          Reflect  .   (no helmet)
rElec   .          Harm     .   (no cloak)
rCorr   .          Rampage  .   (no gloves)
Will    .....                   (no boots)
Stlth   ..........              (no amulet)
HPRegen 0.10/turn               (no ring)
MPRegen 0.08/turn               (no ring)

@: no status effects
A: no striking features
a: no special abilities


You were on level 2 of the Dungeon.
You visited 1 branch of the dungeon, and saw 2 of its levels.

You collected 44 gold pieces.

Inventory:

Hand Weapons
 a - a +0 war axe (weapon)
Armour
 b - a +0 scale mail (worn)
 c - a +0 buckler (worn)
Potions
 d - a potion of might
 e - a potion of cancellation {unknown}
 f - a potion of degeneration {unknown}
 g - a potion of brilliance {unknown}


   Skills:
 - Level 3.6 Fighting
 + Level 5.4 Axes
 - Level 3.2 Armour
 - Level 3.2 Shields


You had 2 spell levels left.
You didn't know any spells.
Your spell library was empty.

Dungeon Overview and Level Annotations

Branches:
Dungeon (2/15)

Altars:
Cheibriados


Message History

Press < or > to pray at altars.
You open the door.
A frilled lizard comes into view.
There is an open door here.
A frilled lizard is nearby!
You see here 20 arrows.
You slash the frilled lizard!
You kill the frilled lizard!
No target in view!
No target in view!
You open the door.
There is an open door here.
You now have 44 gold pieces (gained 9).
f - a fuming sapphire potion
Found a stone staircase leading down.
A quokka comes into view.
You closely miss the quokka. You block the quokka's attack.
You slash the quokka!
You kill the quokka!
No target in view!
No target in view!
A gnoll comes into view. It is wielding a +0 halberd.
The gnoll shouts!
You hear a shout!
You hear an angry hiss.
A hobgoblin comes into view.
The hobgoblin shouts!
You hear an angry hiss. x2
The gnoll hits you with a +0 halberd!
You hit the gnoll.
The gnoll is moderately wounded.
The gnoll hits you with a +0 halberd!
An adder comes into view.
The gnoll closely misses you.
You are too injured to fight recklessly!
You are too injured to fight recklessly!
You are too injured to fight recklessly!
You hit the gnoll.
The gnoll is heavily wounded.
The gnoll hits you with a +0 halberd!
* * * LOW HITPOINT WARNING * * *
The gnoll hits you from afar with a +0 halberd!
You die...

## #.
#############
##
#.#.#.@.#.#.#
#######
#.#gg#..#.##
#......
#.S###..#.#
#.##### #..##
##..## #.#####
#..## ##..###
#.#.... #..
##...# #.#.###
#..
#..#.###.#.#..
##.
#..##..........
.# #..#
#.....#.###


You could see a gnoll, an adder and a hobgoblin.

Vanquished Creatures
  A gnoll (D:1)
  An adder (D:2)
  A dart slug (D:1)
  4 ball pythons (D:1)
  3 bats (D:1)
  4 endoplasms (D:1)
  2 giant cockroaches (D:1)
  A hobgoblin (D:1)
  2 jackals (D:1)
  2 quokkas
  6 frilled lizards
  A kobold (D:1)
  A rat (D:1)
29 creatures vanquished.

Vanquished Creatures (others)
  2 plants (D:1)
2 creatures vanquished.

Grand Total: 31 creatures vanquished

Notes
Turn   | Place    | Note
-------+----------+-------------------------------------------
     0 | D:1      | Edwards80 the Hill Orc Fighter began the quest for the Orb.
     0 | D:1      | Reached XP level 1. HP: 19/19 MP: 1/1
    72 | D:1      | Reached skill level 3 in Axes
   178 | D:1      | Reached XP level 2. HP: 22/26 MP: 2/2
   374 | D:1      | Reached skill level 4 in Axes
   472 | D:1      | Reached XP level 3. HP: 27/31 MP: 3/3
   653 | D:1      | Reached skill level 5 in Axes
  1190 | D:2      | Found a snail-covered altar of Cheibriados.
  1291 | D:2      | HP: 1/31 [gnoll (11)]
  1294 | D:2      | Mangled by a gnoll

Illustrated notes

Levels and vault maps discovered:
D:1:      denvon_arrival_waterhouse, layout_basic, serial_bayou_pond_e
D:2:      minmay_diamond_boxcup, layout_basic, basic_altar

Skill      XL: |  1  2  3 |
---------------+----------+-----
Axes           | 3 4 5 |  5.4
Fighting       | |  3.6
Armour         | |  3.2
Shields        | |  3.2

Action                   || total
-------------------------++-------
Melee: War axe           ||    84
  Use: Scroll            ||     2
Armor: Scale mail        ||    47
Dodge: Dodged            ||    35
Block: Buckler           ||    20

Table legend: (Time is in decaauts)
 A = Elapsed time spent in this place.
 B = Non-inter-level travel time spent in this place.
 C = Inter-level travel time spent in this place.
 D = Time resting spent in this place.
 E = Time spent auto-exploring this place.
 F = Levels seen in this place.
 G = Mean time per level.
                   A        B        C        D        E       F      G
               +--------+--------+--------+--------+--------+-----+--------+
         Total |   1322 |   1300 |     22 |      0 |   1081 |   2 |  661.0 |
       Dungeon |   1322 |   1300 |     22 |      0 |   1081 |   2 |  661.0 |
               +--------+--------+--------+--------+--------+-----+--------+

Top non-repeatable levels by time:
     D:1: 993 daAuts
     D:2: 329 daAuts
